Map: Frost LE

Players

Fropez - Winner!

  • Race: Protoss Protoss
  • League: Silver
  • Spawn Location: 11:00

MindOff

  • Race: Zerg Zerg
  • League: Silver
  • Spawn Location: 1:00

VOD

Have the link to the VOD?

Description

Time

  • Played on: May 29, 2016, 11:10 p.m.
  • Length: 7:31
Show
View Real Time Build Order
Export as new Build Order

Fropez Protoss - Winner!

Build Orders:  

Get SALT Encoding   

  12  0:01  Probe (Chrono Boost)  
  13  0:16  Pylon  
  13  0:18  Probe (Chrono Boost)  
  15  0:28  Probe (Chrono Boost)  
  15  0:40  Gateway  
  15  0:47  Probe (Chrono Boost), Assimilator  
  16  0:51  Assimilator  
  16  0:57  Probe (Chrono Boost)  
  17  1:08  Probe (Chrono Boost)  
  19  1:18  Probe (Chrono Boost)  
  19  1:22  Pylon  
  19  1:29  Cybernetics Core  
  19  1:35  Pylon  
  19  1:37  Probe (Chrono Boost)  
  20  1:49  Probe (Chrono Boost)  
  21  1:56  Gateway  
  22  2:05  Warp Gate (Chrono Boost)  
  22  2:10  Mothership Core (Chrono Boost)  
  23  2:16  Stalker  
  25  2:28  Pylon, Probe (Chrono Boost)  
  26  2:39  Probe (Chrono Boost)  
  27  2:45  Stalker  
  27  2:49  Probe (Chrono Boost)  
  30  2:55  Stalker  
  32  3:00  Probe  
  33  3:12  Probe  
  34  3:24  Probe  
  34  3:25  Gateway, Stalker  
  37  3:36  Probe  
  38  3:51  Probe  
  39  4:00  Pylon  
  39  4:04  Probe  
  39  4:06  Twilight Council  
  40  4:16  Probe  
  41  4:18  Stalker x2  
  41  4:21  Stalker  
  46  4:28  Probe  
  47  4:50  Stalker x3  
  49  4:57  Blink (Chrono Boost)  
  49  5:09  Probe  
  50  5:17  Nexus  
  48  5:27  Probe  
  47  5:29  Stalker x2  
  51  5:36  Forge  
  51  5:39  Probe  
  52  5:51  Probe  
  52  5:52  Pylon  
  52  5:55  Stalker x2  
  51  6:04  Probe  
  52  6:18  Probe  
  53  6:26  Stalker  
  53  6:30  Probe  
  56  6:33  Stalker  
  56  6:37  Assimilator  
  56  6:38  Stalker  
  60  6:40  Assimilator  
  60  6:50  Robotics Facility  
  60  6:54  Stalker  
Show
View Real Time Build Order
Export as new Build Order

MindOff Zerg 

Build Orders: Pool First 

Get SALT Encoding   

  12  0:04  Drone  
  13  0:12  Drone  
  14  0:18  Extractor  
  13  0:24  Extractor  
  14  0:49  Overlord  
  14  0:59  Extractor  
  13  1:04  Extractor  
  13  1:05  Drone x2  
  13  1:08  Drone  
  15  1:15  Spawning Pool  
  14  1:22  Drone  
  15  1:27  Drone  
  16  1:42  Hatchery  
  15  1:48  Drone  
  15  1:50  Drone  
  17  2:02  Queen  
  20  2:08  Drone  
  20  2:10  Drone  
  20  2:13  Metabolic Boost  
  21  2:21  Drone  
  22  2:54  Queen  
  22  2:56  Queen  
  22  2:58  Drone x2  
  28  3:23  Overlord  
  28  3:29  Overlord  
  28  3:41  Zergling x6  
  28  3:42  Zergling x2  
  32  3:49  Zergling x6  
  35  4:00  Drone x2  
  37  4:04  Drone  
  38  4:10  Drone  
  38  4:11  Drone x2  
  41  4:32  Drone x3  
  37  4:59  Zergling x6  
  37  5:01  Zergling x6  
  33  5:35  Zergling x6  
  28  6:02  Overlord  
  28  6:04  Drone  
  29  6:12  Queen  
  29  6:16  Drone x3  
  34  6:19  Lair  
  34  6:24  Spine Crawler  
  33  6:29  Spine Crawler  
  32  6:34  Spine Crawler  
  31  6:42  Spine Crawler  
  31  6:43  Drone x2  
  32  6:47  Queen  
  32  6:49  Zergling x4  
  32  6:50  Zergling x2  
  37  7:08  Drone x2  
Tags
 
Matchup
PvZ
Opening
Pool First
Replay Pack
All Mines
Spawn Locations
Close Positions
Add a new tag
Caveats
  • Supply blocks, unpowered buildings, or Contaminate may cause inaccurate times.
  • Supply counts are checked every 10 seconds.